 Dungeon Crawl Stone Soup version 0.29-a0-870-g2c972031a6 (webtiles) character file.

Game seed: 16047888592902115728

248 scionoferis the Chiller (level 5, -4/35 HPs)
             Began as a Demonspawn Ice Elementalist on July 17, 2022.
             Slain by an ogre
             ... wielding a +0 giant club
              (25 damage)
             ... on level 4 of the Dungeon.
             The game lasted 00:12:33 (4006 turns).

scionoferis the Chiller (DsIE)                      Turns: 4006, Time: 00:12:34

Health: -4/35      AC: 15    Str:  8    XL:     5   Next: 86%
Magic:  5/10       EV: 12    Int: 18    God:
Gold:   192        SH:  0    Dex: 14    Spells: 4/11 levels left

rFire   . . .      SeeInvis .   a - +1 dagger (vamp)
rCold   . . .      Faith    .   (no shield)
rNeg    . . .      Spirit   .   e - +0 robe
rPois   .          Reflect  .   t - +0 helmet
rElec   .          Harm     .   x - +0 cloak
rCorr   .          Rampage  .   j - +2 pair of gloves
Will    .....                   (no boots)
Stlth   ++........              (no amulet)
HPRegen 0.11/turn               (no ring)
MPRegen 0.12/turn               (no ring)

@: ice-armoured, freezing walls
A: molten scales 1, foul stench 1, powered by pain 1
a: no special abilities


You were on level 4 of the Dungeon.
You visited 1 branch of the dungeon, and saw 4 of its levels.

You collected 192 gold pieces.

Inventory:

Hand Weapons
 a - a +1 vampiric dagger (weapon)
 b - a +0 sling
 v - a +0 whip of freezing
 A - a +0 dagger
 C - a +2 whip of venom
Missiles
 r - a throwing net
 B - 11 poisoned darts
 D - a boomerang
Armour
 e - a +0 robe (worn)
 j - a +2 pair of gloves (worn)
 t - a +0 helmet (worn)
 x - a +0 cloak (worn)
Magical Staves
 k - a staff of poison
 m - a staff of conjuration
Jewellery
 z - a ring of ice
Wands
 w - a wand of paralysis (5)
 y - a wand of light (12)
Scrolls
 f - a scroll of poison {unknown}
 h - a scroll of noise {unknown}
 l - a scroll of fog {unknown}
 n - a scroll of immolation {unknown}
 o - 2 scrolls of identify {unknown}
 p - 2 scrolls of amnesia {unknown}
 q - 2 scrolls of magic mapping {unknown}
 u - a scroll of enchant weapon {unknown}
Potions
 c - 2 potions of curing {unknown}
 d - 2 potions of magic
 g - a potion of heal wounds
 i - 3 potions of might {unknown}
 s - a potion of attraction {unknown}


   Skills:
 - Level 1.7 Dodging
 - Level 1.7 Stealth
 + Level 3.6 Spellcasting
 * Level 5.7 Ice Magic


You had 4 spell levels left.
You knew the following spells:

 Your Spells              Type           Power      Damage    Failure   Level
a - Freeze                Ice            96%        1d11      1%          1
b - Frozen Ramparts       Ice            48%        1d6       4%          3
c - Ozocubu's Armour      Ice            24%        N/A       4%          3

Your spell library contained the following spells:

 Spells                   Type           Power      Damage    Failure   Level
 Inner Flame              Hex/Fire       3%         N/A       43%         3
 Hailstorm                Conj/Ice       13%        3d5       43%         4
 Anguish                  Hex/Necr       1%         N/A       83%         4
 Cause Fear               Hex            1%         N/A       83%         4
 Enfeeble                 Hex            1%         N/A       100%        7
 Discord                  Hex            1%         N/A       100%        8


Dungeon Overview and Level Annotations

Branches:
Dungeon (4/15)
 Temple: D:4-7

Altars:

Shops:
D:3 =


Innate Abilities, Weirdness & Mutations

You are partially covered in molten scales. (AC +2)
You may rarely emit foul miasma when damaged in melee.
You sometimes gain a little power by taking damage.


Message History

An open door.
Okay, then.
Casting: Frozen Ramparts (dangerous; 4% risk of failure)
Confirm with . or Enter, or press ? or * to list all spells.
A film of ice covers your body!
Casting: Ozocubu's Armour (dangerous; 4% risk of failure)
Confirm with . or Enter, or press ? or * to list all spells.
Casting: Frozen Ramparts (dangerous; 4% risk of failure)
Press: ? - help, Dir - look around, f - activate An open door.
The walls around you are covered in ice.
The wall freezes the adder.
The adder seems to slow down.
You miss the adder. Your punch misses the adder.
The adder is moderately wounded.
The wall freezes the adder.
The adder seems to slow down.
The adder bites you but does no damage.
You closely miss the adder.
The adder is heavily wounded.
A ball python comes into view.
The wall freezes the adder.
The adder seems to slow down.
The adder bites you but does no damage.
You barely miss the adder.
The adder is heavily wounded.
The wall freezes the adder!
You kill the adder!
Aiming: Paralyse
Press: ? - help, Shift-Dir - straight line, f - ogre
Aim: an ogre, wielding a +0 giant club (chance to affect: 49%)
The ogre resists with some effort.
The wall freezes the ogre.
You hit the ogre.
The ogre is moderately wounded.
The wall freezes the ogre!
The ogre hits you with a +0 giant club!
You closely miss the ogre.
The ogre is heavily wounded.
You hit the ogre.
You feel better.
The ogre is severely wounded.
The wall freezes the ball python.
The wall freezes the ogre.
The ogre hits you with a +0 giant club!!
Ouch! That really hurt!
You die...

#..... ####..
#.....#...#.
#.....#...'
.#.....#...#
.'.....#...#
##.....#...#
.....SO#...##
.......@....# ..
.......#....# ...
.......#'#######..
###'##..........#
# #..........#
#..........#
+..........# ##
##..........# #.##
#........####


You could see an ogre and a ball python.

Vanquished Creatures
  A hound (D:4)
  A gnoll bouda (D:3)
  2 adders
  8 gnolls
  A worm (D:2)
  3 dart slugs
  4 orcs
  5 endoplasms
  4 giant cockroaches
  8 goblins
  9 hobgoblins
  2 jackals (D:2)
  7 kobolds
  4 quokkas
  7 ball pythons
  6 bats
  3 frilled lizards
  4 rats
79 creatures vanquished.

Notes
Turn   | Place    | Note
-------+----------+-------------------------------------------
     0 | D:1      | scionoferis the Demonspawn Ice Elementalist began the quest
                  | for the Orb.
     0 | D:1      | Reached XP level 1. HP: 13/13 MP: 3/3
   504 | D:1      | Gained mutation: You may rarely emit foul miasma when
                  | damaged in melee. [demonic ancestry]
   504 | D:1      | Reached XP level 2. HP: 19/19 MP: 3/5
   590 | D:1      | Reached skill level 4 in Ice Magic
  1155 | D:1      | Gained mutation: You sometimes gain a little power by
                  | taking damage. [demonic ancestry]
  1155 | D:1      | Reached XP level 3. HP: 19/24 MP: 4/6
  1386 | D:1      | Learned a level 3 spell: Frozen Ramparts
  2272 | D:2      | Learned a level 3 spell: Ozocubu's Armour
  2291 | D:2      | Reached XP level 4. HP: 30/30 MP: 1/8
  2412 | D:2      | Reached skill level 5 in Ice Magic
  2426 | D:2      | Found a faded altar of an unknown god.
  3032 | D:3      | Gained mutation: You are partially covered in molten
                  | scales. (AC +2) [demonic ancestry]
  3032 | D:3      | Reached XP level 5. HP: 35/35 MP: 3/9
  3320 | D:3      | Found Ezoe's Jewellery Shop.
  3997 | D:4      | Noticed an ogre
  4006 | D:4      | Slain by an ogre

Illustrated notes

Levels and vault maps discovered:
D:1:      dpeg_arrival_ternary, layout_loops_corners, chequers_arboretum
D:2:      layout_basic, shapermc_ecumenical_altar_totnotflames
D:3:      layout_loops_ring, serial_shops, shop
D:4:      layout_gridville, uniq_natasha

Skill      XL: |  1  2  3  4 |
---------------+-------------+-----
Ice Magic      | 4 5 |  5.7
Spellcasting   | 3 |  3.6
Dodging        | |  1.7
Stealth        | |  1.7

Action                   |  1- 3 |  4- 6 || total
-------------------------+-------+-------++-------
Melee: Unarmed           |     2 |       ||     2
       Dagger            |    63 |    60 ||   123
 Fire: Sling             |    26 |     9 ||    35
 Cast: Freeze            |    26 |     5 ||    31
       Frozen Ramparts   |     7 |    10 ||    17
       Ozocubu's Armour  |     1 |     4 ||     5
Evoke: Wand              |       |     1 ||     1
 Stab: Sleeping          |     5 |     3 ||     8
Armor: Robe              |    21 |    18 ||    39
Dodge: Dodged            |    54 |    24 ||    78

Table legend: (Time is in decaauts)
 A = Elapsed time spent in this place.
 B = Non-inter-level travel time spent in this place.
 C = Inter-level travel time spent in this place.
 D = Time resting spent in this place.
 E = Time spent auto-exploring this place.
 F = Levels seen in this place.
 G = Mean time per level.
                   A        B        C        D        E       F      G
               +--------+--------+--------+--------+--------+-----+--------+
         Total |   4008 |   3932 |     76 |    704 |   2361 |   4 | 1002.0 |
       Dungeon |   4008 |   3932 |     76 |    704 |   2361 |   4 | 1002.0 |
               +--------+--------+--------+--------+--------+-----+--------+

Top non-repeatable levels by time:
     D:1: 1504 daAuts
     D:2: 1194 daAuts
     D:3: 1095 daAuts
     D:4: 214 daAuts
